AoeStats
← danjo

Black Forest

507453707Analyzed
4v4 RM · 14d ago on Sep 18, 2026· 62m 34s· 8 players
Game mode
Random Map
Map size
Large (8 player)
Population
200
Speed
Normal
Resources
Standard
Victory
Conquest
Starting age
Dark Age
Ending age
Imperial Age
RankedLock teamsTeams togetherTeam positionsShared explorationLock speedFull tech treeHidden civsTurbo modeCheats
Victory
Defeat
🇵🇱 Armenians · Poland
1153
+17
🇩🇪 Persians · Germany
1118
+18
🇩🇪 Goths · Germany
1117
+18
🇹🇷 Malay · Türkiye
1049
+20
🇮🇳 Vietnamese · India
1197
-20
🇨🇳 Persians · China
1178
-19
🇮🇳 Britons · India
1088
-15
Robbsen7
danjo
1:27 Loom
12:21 Feudal Age
17:17 Castle Age
15:40 Scale Mail Armor
15:51 Forging
16:11 Double-Bit Axe
30:40 Imperial Age
28:35 Stone Mining
28:35 Gold Mining
30:13 Chain Mail Armor
30:02 Anarchy
30:19 Fletching
31:38 Squires
31:36 Horse Collar
33:12 Conscription
34:49 Pikeman
35:32 Perfusion
37:19 Iron Casting
36:55 Bodkin Arrow
36:45 Halberdier
39:04 Wheelbarrow
43:57 Hand Cart
48:12 Illumination
53:32 Heavy Plow
55:43 Blast Furnace
57:21 Bracer
58:23 Crop Rotation
57:26 Elite Huskarl
63:07 Theocracy
Bay X-RaY
12:23 Feudal Age
11:48 Loom
19:04 Castle Age
16:54 Double-Bit Axe
18:19 Stone Mining
23:13 Bow Saw
25:13 Horse Collar
27:34 Man-at-Arms
28:58 Thalassocracy
29:50 Wheelbarrow
29:33 Gold Mining
30:19 Stone Shaft Mining
33:19 Imperial Age
31:54 Gold Shaft Mining
32:00 Forging
31:54 Squires
31:40 Arson
32:20 Masonry
33:13 Heavy Plow
33:29 Forced Levy
35:09 Crop Rotation
34:57 Hand Cart
35:28 Iron Casting
34:22 Long Swordsman
37:18 Blast Furnace
35:41 Two-Handed Swordsman
37:53 Conscription
41:36 Scale Barding Armor
41:22 Fletching
41:33 Padded Archer Armor
41:15 Elite Karambit Warrior
41:55 Thalassocracy
43:15 Pikeman
44:10 Halberdier
44:33 Sappers
45:04 Bodkin Arrow
45:24 Leather Archer Armor
46:36 Chemistry
45:42 Siege Engineers
45:33 Murder Holes
45:18 Treadmill Crane
56:50 Ring Archer Armor
56:20 Bracer
57:14 Town Watch
58:24 Sanctity
61:23 Town Patrol
62:37 Block Printing
62:46 Redemption
dusen128371
0:51 Loom
Lala Land
4:42 Loom
我想给自己改个简单又不重复的名字
1:43 Loom
MAND_Dã quỳ
奶粉爷
10:18 Feudal Age
11:19 Loom
14:59 Castle Age
14:29 Horse Collar
14:38 Double-Bit Axe
17:09 Wheelbarrow
20:06 Heavy Plow
22:36 Gold Mining
23:57 Bow Saw
27:00 Gold Shaft Mining
27:12 Hand Cart
30:03 Imperial Age
29:12 Forging
29:02 Scale Mail Armor
29:50 Stone Mining
30:38 Iron Casting
31:12 Chain Mail Armor
31:51 Crop Rotation
32:48 Blast Furnace
31:49 Padded Archer Armor
31:40 Fletching
31:56 Town Watch
33:47 Chemistry
33:19 Plate Mail Armor
33:12 Elite War Elephant
34:32 Stone Shaft Mining
37:40 Town Patrol
43:54 Pikeman
44:35 Squires
44:28 Halberdier
44:53 Arson
49:45 Leather Archer Armor
49:26 Bodkin Arrow
50:22 Elite Skirmisher
59:51 Citadels
Connection lost

Rejoining the realm…

Still unreachable

The connection could not be restored.

Session expired

The server has moved on; the page needs a fresh start.